 Dungeon Sprint DCSS version 0.27-a0-215-g68775813e2 (webtiles) character file.

Game seed: 3393785799676425747

7485 MordorOrchid the Covert (level 11, -8/90 HPs)
             Began as a Gnoll Enchanter on Jan 30, 2021.
             Was a High Priest of Sif Muna.
             Killed from afar by Erica (9 damage)
             ... with a bolt of poison
             ... in the Dungeon (Sprint IX: "|||||||||||||||||||||||||||||").
             The game lasted 00:10:07 (1777 turns).

MordorOrchid the Covert (Gnoll Enchanter)           Turns: 1777, Time: 00:10:08

Health: -8/90      AC:  5    Str:  7    XL:     11   Next: 16%
Magic:  13/26      EV: 22    Int: 18    God:    Sif Muna [*****.]
Gold:   12         SH:  0    Dex: 16    Spells: 11/32 levels left

rFire    . . .     SeeInvis .   y - +2 rapier (protect)
rCold    . . .     Faith    .   (no shield)
rNeg     . . .     Spirit   .   b - +0 robe
rPois    .         Reflect  .   (no helmet)
rElec    .         Harm     .   o - +0 cloak
rCorr    .         Rampage  .   (no gloves)
Will     .....     NoTele   +   m - +0 pair of boots
Stlth    +++++.....             (no amulet)
HPRegen  0.25/turn              q - +3 ring of dexterity
MPRegen  0.20/turn              l - +2 ring of evasion

@: lethally poisoned (-8 -> -31), confusing touch, slowed, very slow
A: distributed training, fangs 1, strong nose
a: Renounce Religion, Channel Magic, Forget Spell, Divine Exegesis


You were in the Dungeon.
You worshipped Sif Muna.
Sif Muna was extremely pleased with you.
You visited 1 branch You collected 12 gold pieces.

Inventory:

Hand Weapons
 a - a +1 dagger
 n - a +2 scimitar of distortion
 p - a +2 halberd of venom
 u - a +4 mace of holy wrath
 y - a +2 rapier of protection (weapon)
Missiles
 v - 3 datura-tipped darts
Armour
 b - a +0 robe (worn)
 m - a +0 pair of boots (worn)
 o - a +0 cloak (worn)
Jewellery
 l - a +2 ring of evasion (right hand)
 q - a +3 ring of dexterity (left hand)
Wands
 k - a wand of acid (1)
Scrolls
 f - 3 scrolls of remove curse
 i - 6 scrolls of blinking
 j - 2 scrolls of amnesia
 t - a scroll of immolation
 w - 4 scrolls of enchant armour
 x - a scroll of fog
 z - a scroll of identify
Potions
 c - 3 potions of brilliance
 d - 7 potions of curing
 e - 3 potions of heal wounds
 g - 4 potions of magic
 h - 2 potions of berserk rage
 r - a potion of haste
 s - a potion of might


   Skills:
 + Level 9.9 Fighting
 + Level 10.2 Short Blades
 + Level 9.9 Long Blades
 + Level 9.9 Axes
 + Level 9.9 Maces & Flails
 + Level 9.9 Polearms
 + Level 9.9 Staves
 + Level 9.9 Slings
 + Level 9.9 Bows
 + Level 9.9 Crossbows
 + Level 9.9 Throwing
 + Level 9.9 Armour
 + Level 10.8 Dodging
 + Level 11.4 Stealth
 + Level 9.9 Shields
 + Level 9.9 Unarmed Combat
 + Level 11.0 Spellcasting
 + Level 8.3 Conjurations
 + Level 10.0 Hexes
 + Level 8.3 Summonings
 + Level 8.3 Necromancy
 + Level 8.3 Translocations
 + Level 8.3 Transmutations
 + Level 8.3 Fire Magic
 + Level 8.3 Ice Magic
 + Level 8.3 Air Magic
 + Level 8.3 Earth Magic
 + Level 8.3 Poison Magic
 + Level 10.7 Invocations
 + Level 9.9 Evocations


You had 11 spell levels left.
You knew the following spells:

 Your Spells              Type           Power        Failure   Level
a - Corona                Hex            50%          1%          1
b - Ensorcelled Hibernat  Hex/Ice        84%          1%          2
d - Tukima's Dance        Hex            45%          1%          3
f - Stone Arrow           Conj/Erth      78%          1%          3
r - Dazzling Flash        Conj/Hex       84%          1%          3
u - Animate Skeleton      Necr           78%          1%          1
v - Vampiric Draining     Necr           19%          1%          3
x - Blink                 Tloc           N/A          1%          2
A - Confusing Touch       Hex            45%          1%          3

Your spell library contained the following spells:

 Spells                   Type           Power        Failure   Level
 Pain                     Necr           100%         1%          1
 Corpse Rot               Necr/Air       N/A          1%          2
 Portal Projectile        Hex/Tloc       84%          1%          3
 Animate Dead             Necr           19%          2%          4
 Iskenderun's Mystic Bla  Conj/Tloc      39%          2%          4
 Agony                    Necr           39%          6%          5
 Summon Forest            Summ/Tloc      19%          6%          5
 Eringya's Noxious Bog    Tmut/Pois      19%          34%         6
 Hydra Form               Tmut           19%          34%         6
 Summon Hydra             Summ           19%          89%         7
 Disjunction              Tloc           19%          100%        8


Dungeon Overview and Level Annotations

Branches:
Dungeon (1/1)

Altars:
Cheibriados
Dithmenos
Elyvilon
Fedhas
Gozag
Hepliaklqana
Kikubaaqudgha
Makhleb
Nemelex Xobeh
Okawaru
Qazlal
Ru
Sif Muna
Trog
Uskayaw
Vehumet
Wu Jian
Xom
Yredelemnul
Zin
The Shining One
Beogh
Jiyva
Lugonu

Annotations:
D Erica


Innate Abilities, Weirdness & Mutations

Your experience applies equally to all skills.
You have very sharp teeth.
Your uncanny sense of smell can sniff out nearby items.


Message History

Confirm with . or Enter, or press ? or * to list all spells.
Your hands begin to glow red.
Something hits you.
* * * LOW HITPOINT WARNING * * *
Something burns you.
* * * LOW HITPOINT WARNING * * *
You hit something but do no damage. You hit something but do no damage.
You punch something. You hit something but do no damage.
Something laughs crazily.
You completely miss something.
You hear some strange, mumbled words.
A bolt of poison appears from out of thin air!
The bolt of poison hits you!!
You are poisoned.
* * * LOW HITPOINT WARNING * * *
You hear some strange, mumbled words.
A bolt of poison appears from out of thin air!
The bolt of poison hits you!
You are more poisoned.
You die...

▓▓▓▓▓▓▓▓▓▓▓▓▓▓▓▓▓▓▓▓▓▓▓▓▓▓▓▓▓▓▓▓▓
_________________'....†'....†)...
▓▓▓▓▓▓▓▓▓▓▓▓▓▓▓▓▓▓▓▓▓▓▓▓▓▓▓▓▓▓▓▓▓
.................................
▓▓▓▓▓▓▓▓▓▓▓▓▓▓▓▓▓▓▓▓▓▓▓▓▓▓▓▓▓▓▓▓▓
..'.........'.............'......
▓▓▓▓▓▓▓▓▓▓▓▓▓▓▓▓▓▓▓▓▓▓▓▓▓▓▓▓▓▓▓▓▓
.............[).@{......
▓▓▓▓▓▓▓▓▓▓▓▓▓▓▓▓▓▓▓▓▓▓▓▓ ∆∆∆∆∆∆
∆∆∆∆∆∆∆∆∆∆∆∆∆ ∆ ∆∆∆∆∆∆∆∆ ∆∆∆∆∆∆∆∆
∆∆∆


There were no monsters in sight!

Vanquished Creatures
  Gastronok (D)
  A hydra (D)
  Urug (D)
  A gargoyle (D)
  5 cane toads (D)
  3 komodo dragons (D)
  3 blink frogs (D)
  A wraith (D)
  A wyvern (D)
  2 basilisks (D)
  4 wargs (D)
  4 hell hounds (D)
  A water moccasin (D)
  A black bear (D)
  An ogre (D)
  2 bullfrogs (D)
  A killer bee (D)
  A hound (D)
  A jelly (D)
  2 worker ants (D)
  An adder (D)
  2 ufetubi (D)
  2 orcs (D)
  2 bats (D)
  A bat skeleton (D)
  A hobgoblin (D)
  A ball python (D)
  A quokka skeleton (D)
  2 rats (D)
50 creatures vanquished.

Notes
Turn   | Place    | Note
-------+----------+-------------------------------------------
     0 | D        | MordorOrchid the Gnoll Enchanter began the quest for the
                  | Orb.
     0 | D        | Reached XP level 1. HP: 13/13 MP: 6/6
    19 | D        | Reached skill level 5 in Spellcasting
    19 | D        | Reached skill level 1 in Invocations
   206 | D        | Noticed a hound
   209 | D        | Reached skill level 1 in Fighting
   209 | D        | Reached skill level 1 in Long Blades
   209 | D        | Reached skill level 1 in Axes
   209 | D        | Reached skill level 1 in Maces & Flails
   209 | D        | Reached skill level 1 in Polearms
   209 | D        | Reached skill level 1 in Staves
   209 | D        | Reached skill level 1 in Slings
   209 | D        | Reached skill level 1 in Bows
   209 | D        | Reached skill level 1 in Crossbows
   209 | D        | Reached skill level 1 in Throwing
   209 | D        | Reached skill level 1 in Armour
   209 | D        | Reached skill level 1 in Shields
   209 | D        | Reached skill level 1 in Unarmed Combat
   209 | D        | Reached skill level 1 in Conjurations
   209 | D        | Reached skill level 1 in Summonings
   209 | D        | Reached skill level 1 in Necromancy
   209 | D        | Reached skill level 1 in Translocations
   209 | D        | Reached skill level 1 in Transmutations
   209 | D        | Reached skill level 1 in Fire Magic
   209 | D        | Reached skill level 1 in Ice Magic
   209 | D        | Reached skill level 1 in Air Magic
   209 | D        | Reached skill level 1 in Earth Magic
   209 | D        | Reached skill level 1 in Poison Magic
   209 | D        | Reached skill level 1 in Evocations
   209 | D        | Reached XP level 2. HP: 21/21 MP: 8/8
   214 | D        | Learned a level 2 spell: Ensorcelled Hibernation
   224 | D        | Reached skill level 5 in Dodging
   224 | D        | Reached XP level 3. HP: 27/27 MP: 1/10
   233 | D        | Found a roughly hewn altar of Beogh.
   233 | D        | Found a snail-covered altar of Cheibriados.
   233 | D        | Found a shadowy altar of Dithmenos.
   233 | D        | Found a white marble altar of Elyvilon.
   233 | D        | Found a blossoming altar of Fedhas.
   233 | D        | Found an opulent altar of Gozag.
   234 | D        | Found a hazy altar of Hepliaklqana.
   235 | D        | Found a viscous altar of Jiyva.
   236 | D        | Found an ancient bone altar of Kikubaaqudgha.
   237 | D        | Found a corrupted altar of Lugonu.
   238 | D        | Found a burning altar of Makhleb.
   239 | D        | Found a sparkling altar of Nemelex Xobeh.
   240 | D        | Found an iron altar of Okawaru.
   241 | D        | Found a stormy altar of Qazlal.
   242 | D        | Found a sacrificial altar of Ru.
   243 | D        | Found a shimmering blue altar of Sif Muna.
   244 | D        | Found a bloodstained altar of Trog.
   245 | D        | Found a hide-covered altar of Uskayaw.
   246 | D        | Found a radiant altar of Vehumet.
   247 | D        | Found an ornate altar of the Wu Jian Council.
   248 | D        | Found a shimmering altar of Xom.
   249 | D        | Found a basalt altar of Yredelemnul.
   250 | D        | Found a glowing silver altar of Zin.
   251 | D        | Became a worshipper of Sif Muna the Loreminder
   252 | D        | Found a glowing golden altar of the Shining One.
   316 | D        | Learned a level 3 spell: Confusing Touch
   320 | D        | Learned a level 3 spell: Tukima's Dance
   324 | D        | Learned a level 3 spell: Dazzling Flash
   325 | D        | Noticed a wraith
   325 | D        | Noticed a killer bee
   325 | D        | Noticed a bullfrog
   327 | D        | Killed a bullfrog
   328 | D        | Reached XP level 4. HP: 35/35 MP: 11/11
   330 | D        | Reached XP level 5. HP: 41/41 MP: 11/13
   331 | D        | Reached * piety under Sif Muna
   363 | D        | Killed a wraith
   363 | D        | Reached ** piety under Sif Muna
   364 | D        | Reached skill level 5 in Short Blades
   364 | D        | Reached skill level 5 in Invocations
   364 | D        | Reached XP level 6. HP: 19/49 MP: 11/16
   509 | D        | Noticed a gargoyle
   521 | D        | Killed a gargoyle
   522 | D        | Reached skill level 5 in Fighting
   522 | D        | Reached skill level 5 in Long Blades
   522 | D        | Reached skill level 5 in Axes
   522 | D        | Reached skill level 5 in Maces & Flails
   522 | D        | Reached skill level 5 in Polearms
   522 | D        | Reached skill level 5 in Staves
   522 | D        | Reached skill level 5 in Slings
   522 | D        | Reached skill level 5 in Bows
   522 | D        | Reached skill level 5 in Crossbows
   522 | D        | Reached skill level 5 in Throwing
   522 | D        | Reached skill level 5 in Armour
   522 | D        | Reached skill level 5 in Shields
   522 | D        | Reached skill level 5 in Unarmed Combat
   522 | D        | Reached skill level 5 in Evocations
   522 | D        | Reached XP level 7. HP: 45/57 MP: 15/18
   535 | D        | Reached *** piety under Sif Muna
   657 | D        | Noticed a cane toad
   657 | D        | Noticed a komodo dragon
   657 | D        | Noticed a cane toad
   657 | D        | Noticed a blink frog
   657 | D        | Noticed a six-headed hydra
   659 | D        | Noticed a cane toad
   660 | D        | Reached skill level 5 in Conjurations
   660 | D        | Reached skill level 5 in Summonings
   660 | D        | Reached skill level 5 in Necromancy
   660 | D        | Reached skill level 5 in Translocations
   660 | D        | Reached skill level 5 in Transmutations
   660 | D        | Reached skill level 5 in Fire Magic
   660 | D        | Reached skill level 5 in Ice Magic
   660 | D        | Reached skill level 5 in Air Magic
   660 | D        | Reached skill level 5 in Earth Magic
   660 | D        | Reached skill level 5 in Poison Magic
   660 | D        | Reached XP level 8. HP: 25/64 MP: 20/20
   660 | D        | Killed a cane toad
   660 | D        | Reached **** piety under Sif Muna
   660 | D        | Noticed a blink frog
   661 | D        | Killed a six-headed hydra
   661 | D        | Killed a blink frog
   662 | D        | Reached XP level 9. HP: 8/72 MP: 20/22
   958 | D        | Killed a cane toad
   961 | D        | Killed a cane toad
  1075 | D        | Killed a komodo dragon
  1075 | D        | Reached ***** piety under Sif Muna
  1075 | D        | Received a gift from Sif Muna
  1076 | D        | Reached skill level 10 in Stealth
  1098 | D        | Learned a level 3 spell: Stone Arrow
  1139 | D        | Noticed a cane toad
  1139 | D        | Noticed a komodo dragon
  1139 | D        | Noticed a cane toad
  1141 | D        | Noticed a komodo dragon
  1150 | D        | Killed a cane toad
  1155 | D        | Killed a komodo dragon
  1156 | D        | Reached XP level 10. HP: 39/82 MP: 4/23
  1160 | D        | Killed a cane toad
  1161 | D        | Reached skill level 10 in Spellcasting
  1420 | D        | Identified Sif Muna's Incunabulum of the Voyage (Sif Muna
                  | gifted it to you in the Dungeon)
  1420 | D        | Received a gift from Sif Muna
  1431 | D        | Reached skill level 10 in Dodging
  1434 | D        | Learned a level 2 spell: Blink
  1512 | D        | Received a gift from Sif Muna
  1513 | D        | Reached skill level 10 in Invocations
  1630 | D        | Learned a level 1 spell: Animate Skeleton
  1715 | D        | Noticed Gastronok
  1721 | D        | Learned a level 3 spell: Vampiric Draining
  1740 | D        | Noticed Urug
  1741 | D        | Noticed Erica
  1745 | D        | Killed Urug
  1747 | D        | Killed Gastronok
  1748 | D        | Reached skill level 10 in Short Blades
  1748 | D        | Reached skill level 10 in Hexes
  1748 | D        | Reached XP level 11. HP: 90/90 MP: 21/26
  1777 | D        | HP: 1/90 [something/bolt of poison (23)]
  1777 | D        | Killed from afar by Erica

Illustrated notes

Levels and vault maps discovered:
D:        linesprint [early_d, line_temple, items_1, d_10, items_2, lair_1,
          lair_end, items_3, orc_1, orc_end, items_4, d_15, swamp_1, shoals_1,
          snake_1, spider_1, d_20, vaults_1, items_5, swamp_end, shoals_end,
          snake_end, spider_end, vaults_end, d_27, items_6, zot_1, zot_end,
          crypt_end, forest_end, elf_end, slime_end, tomb_end, abyss_end,
          pan_hell_end]

Skill      XL: |  1  2  3  4  5  6  7  8  9 10 |
---------------+-------------------------------+-----
Stealth        | 6 7 8 9 10 11 | 11.4
Spellcasting   | 5 6 7 8 9 11 | 11.0
Invocations    | 1 2 3 5 6 8 9 10 | 10.7
Fighting       | 1 2 3 4 5 6 7 8 9 |  9.9
Long Blades    | 1 2 3 4 5 6 7 8 9 |  9.9
Axes           | 1 2 3 4 5 6 7 8 9 |  9.9
Maces & Flails | 1 2 3 4 5 6 7 8 9 |  9.9
Polearms       | 1 2 3 4 5 6 7 8 9 |  9.9
Staves         | 1 2 3 4 5 6 7 8 9 |  9.9
Slings         | 1 2 3 4 5 6 7 8 9 |  9.9
Bows           | 1 2 3 4 5 6 7 8 9 |  9.9
Crossbows      | 1 2 3 4 5 6 7 8 9 |  9.9
Throwing       | 1 2 3 4 5 6 7 8 9 |  9.9
Armour         | 1 2 3 4 5 6 7 8 9 |  9.9
Shields        | 1 2 3 4 5 6 7 8 9 |  9.9
Unarmed Combat | 1 2 3 4 5 6 7 8 9 |  9.9
Conjurations   | 1 2 3 4 5 6 7 8 |  8.3
Summonings     | 1 2 3 4 5 6 7 8 |  8.3
Necromancy     | 1 2 3 4 5 6 7 8 |  8.3
Translocations | 1 2 3 4 5 6 7 8 |  8.3
Transmutations | 1 2 3 4 5 6 7 8 |  8.3
Fire Magic     | 1 2 3 4 5 6 7 8 |  8.3
Ice Magic      | 1 2 3 4 5 6 7 8 |  8.3
Air Magic      | 1 2 3 4 5 6 7 8 |  8.3
Earth Magic    | 1 2 3 4 5 6 7 8 |  8.3
Poison Magic   | 1 2 3 4 5 6 7 8 |  8.3
Evocations     | 1 2 3 4 5 6 7 8 9 |  9.9
Short Blades   | 3 4 5 6 7 8 10 | 10.2
Dodging        | 5 6 7 8 9 10 | 10.8
Hexes          | 6 7 8 9 10 | 10.0

Action                   |  1- 3 |  4- 6 |  7- 9 | 10-12 || total
-------------------------+-------+-------+-------+-------++-------
Melee: Dagger            |    23 |       |       |       ||    23
       Rapier            |     1 |    39 |    23 |    83 ||   146
       Bite              |       |     8 |     1 |    11 ||    20
       Punch             |       |     2 |       |     2 ||     4
 Cast: Corona            |     7 |       |       |       ||     7
       Ensorcelled Hiber |     3 |       |    23 |    19 ||    45
       Confusing Touch   |       |     3 |     2 |     7 ||    12
       Stone Arrow       |       |       |     2 |     2 ||     4
       Animate Skeleton  |       |       |       |     4 ||     4
       Dazzling Flash    |       |       |       |     3 ||     3
Invok: Channel Magic     |       |       |     1 |     1 ||     2
Evoke: Wand              |       |       |     4 |     5 ||     9
  Use: Potion            |     2 |       |       |       ||     2
 Stab: Sleeping          |     4 |     4 |    10 |     8 ||    26
       Confused          |       |     3 |     1 |     4 ||     8
Armor: Robe              |     5 |     2 |     6 |    12 ||    25
Dodge: Dodged            |    11 |    20 |    31 |    46 ||   108

Table legend: (Time is in decaauts)
 A = Elapsed time spent in this place.
 B = Non-inter-level travel time spent in this place.
 C = Inter-level travel time spent in this place.
 D = Time resting spent in this place.
 E = Time spent auto-exploring this place.
 F = Levels seen in this place.
 G = Mean time per level.
                   A        B        C        D        E       F      G
               +--------+--------+--------+--------+--------+-----+--------+
         Total |   1792 |   1792 |      0 |    917 |      0 |   1 | 1792.0 |
       Dungeon |   1792 |   1792 |      0 |    917 |      0 |   1 | 1792.0 |
               +--------+--------+--------+--------+--------+-----+--------+

Top non-repeatable levels by time:
       D: 1792 daAuts
